MID
LAKEWOOD BLUECLAWS @ DAYTON DRAGONS
06/07/2044
 
TOP OF THE 1ST
Lakewood BlueClaws batting - Pitching for Dayton Dragons : LHP Ed Chavez
Pitching: LHP Ed Chavez
Batting: RHB Steve Jones 0-0: Ground out 4-3 (Groundball, 4, EV 81.3 MPH)
Batting: RHB Alberto Ramirez 0-0: Hit by Pitch
Batting: RHB Victor Arroyo 0-0: Called Strike
Alberto Ramirez is caught stealing 2nd base 2-4
0-1: Foul Ball, location: 2F
0-2: Ball
1-2: Ball
2-2: Strikes out swinging
Top of the 1st over - 0 runs, 0 hits, 0 errors, 0 left on base; Lakewood 0 - Dayton 0
BOTTOM OF THE 1ST
Dayton Dragons batting - Pitching for Lakewood BlueClaws : LHP Brian Wildrick
Pitching: LHP Brian Wildrick
Batting: RHB Bruno André 0-0: Called Strike
0-1: Ball
1-1: Called Strike
1-2: Ball
2-2: Ground out 6-3 (Groundball, P, EV 86.9 MPH)
Batting: LHB Chris Grunwald 0-0: Ball
1-0: Foul Ball, location: 2F
1-1: Ball
2-1: Ball
3-1: Base on Balls
Batting: LHB Leo Gomez 0-0: Called Strike
0-1: Ground out 4-3 (Groundball, 34D, EV 103.1 MPH)
Chris Grunwald to second
Batting: SHB Kristian Kristensen 0-0: Ball
1-0: Foul Ball, location: 2F
1-1: Foul Ball, location: 2F
1-2: Foul Ball, location: 2F
1-2: Ball
2-2: Foul Ball, location: 2F
2-2: Fly out, F7 (Flyball, 78S, EV 93.1 MPH)
Bottom of the 1st over - 0 runs, 0 hits, 0 errors, 1 left on base; Lakewood 0 - Dayton 0
TOP OF THE 2ND
Lakewood BlueClaws batting - Pitching for Dayton Dragons : LHP Ed Chavez
Batting: RHB Danny Krug 0-0: Ball
1-0: Ball
2-0: Ball
3-0: Foul Ball, location: 2F
3-1: Base on Balls
Batting: RHB Kyle Morse 0-0: Swinging Strike
0-1: Swinging Strike
0-2: Strikes out looking
Batting: LHB Jose Carlos 0-0: Ball
1-0: Foul Ball, location: 2F
1-1: Swinging Strike
1-2: Ball
2-2: Ball
3-2: Strikes out swinging
Batting: RHB Pedro Mata 0-0: Called Strike
0-1: Ball
1-1: Swinging Strike
1-2: Strikes out swinging
Top of the 2nd over - 0 runs, 0 hits, 0 errors, 1 left on base; Lakewood 0 - Dayton 0
BOTTOM OF THE 2ND
Dayton Dragons batting - Pitching for Lakewood BlueClaws : LHP Brian Wildrick
Batting: LHB Nick Nino 0-0: SINGLE (Groundball, 56, EV 101.9 MPH)
Batting: RHB Jonathan Davis 0-0: Ball
1-0: Ball
2-0: Called Strike
2-1: Fly out, F7 (Flyball, 7LS, EV 80.6 MPH)
Batting: RHB Pat Grover 0-0: Called Strike
0-1: Ball
Nick Nino is caught stealing 2nd base 2-4
1-1: Ground out 5-3 (Groundball, 25, EV 91.3 MPH)
Bottom of the 2nd over - 0 runs, 1 hit, 0 errors, 0 left on base; Lakewood 0 - Dayton 0
TOP OF THE 3RD
Lakewood BlueClaws batting - Pitching for Dayton Dragons : LHP Ed Chavez
Batting: RHB William-Floyd Goof 0-0: Ball
1-0: Called Strike
1-1: Called Strike
1-2: Strikes out swinging
Batting: SHB Mike Rueth 0-0: Foul Ball, location: 2F
0-1: Ball
1-1: Foul Ball, location: 2F
1-2: Strikes out looking
Batting: RHB Steve Jones 0-0: Ball
1-0: Called Strike
1-1: Called Strike
1-2: Ground out 6-3 (Groundball, 6, EV 93.8 MPH)
Top of the 3rd over - 0 runs, 0 hits, 0 errors, 0 left on base; Lakewood 0 - Dayton 0
BOTTOM OF THE 3RD
Dayton Dragons batting - Pitching for Lakewood BlueClaws : LHP Brian Wildrick
Batting: RHB Frank Moron 0-0: Foul Ball, location: 2F
0-1: Foul Ball, location: 2F
0-2: Strikes out swinging, 2-3 out at first.
Batting: RHB Tim Walter 0-0: Ground out 5-3 (Groundball, 5, EV 77.5 MPH)
Batting: RHB Bruno André 0-0: Reached on error, E6 (Popup, 6S, EV 82.5 MPH)
Batting: LHB Chris Grunwald 0-0: Ball
1-0: Ball
2-0: Called Strike
Bruno André steals 2nd base
2-1: Ground out 6-3 (Groundball, 6, EV 88.1 MPH)
Bottom of the 3rd over - 0 runs, 0 hits, 1 error, 1 left on base; Lakewood 0 - Dayton 0
TOP OF THE 4TH
Lakewood BlueClaws batting - Pitching for Dayton Dragons : LHP Ed Chavez
Batting: RHB Alberto Ramirez 0-0: Ball
1-0: Swinging Strike
1-1: Foul Ball, location: 2F
1-2: Foul Ball, location: 2F
1-2: Ball
2-2: Ball
3-2: Ground out 5-3 (Groundball, 5L, EV 79.4 MPH)
Batting: RHB Victor Arroyo 0-0: Foul Ball, location: 2F
0-1: Foul Ball, location: 2F
0-2: Strikes out looking
Batting: RHB Danny Krug 0-0: Called Strike
0-1: Ball
1-1: Fly out, F9 (Flyball, 89M, EV 85.6 MPH)
Top of the 4th over - 0 runs, 0 hits, 0 errors, 0 left on base; Lakewood 0 - Dayton 0
BOTTOM OF THE 4TH
Dayton Dragons batting - Pitching for Lakewood BlueClaws : LHP Brian Wildrick
Batting: LHB Leo Gomez 0-0: Ground out 4-3 (Groundball, 4, EV 77.5 MPH)
Batting: SHB Kristian Kristensen 0-0: Ball
1-0: Ground out 4-3 (Groundball, 4, EV 81.3 MPH)
Batting: LHB Nick Nino 0-0: Ground out 6-3 (Groundball, 6, EV 87.5 MPH)
Bottom of the 4th over - 0 runs, 0 hits, 0 errors, 0 left on base; Lakewood 0 - Dayton 0
TOP OF THE 5TH
Lakewood BlueClaws batting - Pitching for Dayton Dragons : LHP Ed Chavez
Batting: RHB Kyle Morse 0-0: Ball
1-0: Foul Ball, location: 2F
1-1: Called Strike
1-2: Foul Ball, location: 2F
1-2: Strikes out swinging
Batting: LHB Jose Carlos 0-0: DOUBLE (Flyball, 78D, EV 96.9 MPH)
Batting: RHB Pedro Mata 0-0: Foul Ball, location: 2F
0-1: Ball
1-1: Ball
2-1: SINGLE (Groundball, 6MD, EV 101.3 MPH)
Jose Carlos to third
Runner from 3rd tries for Home, SAFE, throw by CF to home
Batting: RHB William-Floyd Goof 0-0: Called Strike
0-1: Ball
Pickoff Throw by Catcher to First - Error! E2
Pedro Mata to second
1-1: Ground out U3 (Groundball, 34S, EV 88.1 MPH)
Pedro Mata to third
Batting: SHB Mike Rueth 0-0: Ball
1-0: Ground out 6-3 (Groundball, 56D, EV 84.4 MPH)
Top of the 5th over - 1 run, 2 hits, 1 error, 1 left on base; Lakewood 1 - Dayton 0
BOTTOM OF THE 5TH
Dayton Dragons batting - Pitching for Lakewood BlueClaws : LHP Brian Wildrick
Batting: RHB Jonathan Davis 0-0: Called Strike
0-1: Ball
1-1: Ground out 6-3 (Groundball, 6, EV 89.4 MPH)
Batting: RHB Pat Grover 0-0: Called Strike
0-1: Ball
1-1: Foul Ball, location: 2F
1-2: Foul Ball, location: 2F
1-2: Ground out 6-3 (Groundball, 6, EV 99.4 MPH)
Batting: RHB Frank Moron 0-0: Foul Ball, location: 2F
0-1: Foul Ball, location: 2F
0-2: Foul Ball, location: 2F
0-2: Strikes out swinging
Bottom of the 5th over - 0 runs, 0 hits, 0 errors, 0 left on base; Lakewood 1 - Dayton 0
TOP OF THE 6TH
Lakewood BlueClaws batting - Pitching for Dayton Dragons : LHP Ed Chavez
Batting: RHB Steve Jones 0-0: Fly out, F8 (Line Drive, 8LM, EV 91.3 MPH)
Batting: RHB Alberto Ramirez 0-0: Swinging Strike
0-1: Ball
1-1: Ground out 4-3 (Groundball, 4, EV 86.3 MPH)
Batting: RHB Victor Arroyo 0-0: Ball
1-0: Foul Ball, location: 2F
1-1: Foul Ball, location: 2F
1-2: Ball
2-2: Strikes out looking
Top of the 6th over - 0 runs, 0 hits, 0 errors, 0 left on base; Lakewood 1 - Dayton 0
BOTTOM OF THE 6TH
Dayton Dragons batting - Pitching for Lakewood BlueClaws : LHP Brian Wildrick
Batting: RHB Tim Walter 0-0: Called Strike
0-1: Ball
1-1: Called Strike
1-2: Ground out 4-3 (Groundball, 6M, EV 86.3 MPH)
Batting: RHB Bruno André 0-0: Called Strike
0-1: Ball
1-1: Foul Ball, location: 2F
1-2: Ball
2-2: Ball
3-2: Ground out 1-3 (Groundball, 13S, EV 70.0 MPH)
Batting: LHB Chris Grunwald 0-0: Foul Ball, location: 2F
0-1: Called Strike
0-2: Strikes out looking
Bottom of the 6th over - 0 runs, 0 hits, 0 errors, 0 left on base; Lakewood 1 - Dayton 0
TOP OF THE 7TH
Lakewood BlueClaws batting - Pitching for Dayton Dragons : LHP Ed Chavez
Batting: RHB Danny Krug 0-0: Called Strike
0-1: Fly out, F9 (Flyball, 89S, EV 90.0 MPH)
Batting: RHB Kyle Morse 0-0: Ground out 3-1 (Groundball, 34, EV 88.8 MPH)
Batting: LHB Jose Carlos 0-0: Ball
1-0: Swinging Strike
1-1: SINGLE (Groundball, 4MD, EV 98.8 MPH)
Batting: RHB Pedro Mata 0-0: Ball
1-0: Swinging Strike
1-1: Ball
2-1: Ball
Passed Ball!
Jose Carlos to second
3-1: Called Strike
3-2: Foul Ball, location: 2F
3-2: Ground out 4-3 (Groundball, 34, EV 91.3 MPH)
Top of the 7th over - 0 runs, 1 hit, 0 errors, 1 left on base; Lakewood 1 - Dayton 0
BOTTOM OF THE 7TH
Dayton Dragons batting - Pitching for Lakewood BlueClaws : LHP Brian Wildrick
Batting: LHB Leo Gomez 0-0: Called Strike
0-1: Ball
1-1: DOUBLE (Groundball, 3L, EV 100.0 MPH)
Batting: SHB Kristian Kristensen 0-0: Ball
1-0: Called Strike
1-1: Foul Ball, location: 2F
1-2: Strikes out swinging
Batting: LHB Nick Nino 0-0: Swinging Strike
0-1: Ball
1-1: Called Strike
1-2: Ground out 4-3 (Groundball, 4, EV 85.0 MPH)
Leo Gomez to third
Batting: RHB Jonathan Davis 0-0: Called Strike
0-1: Ground out 6-3 (Groundball, 6, EV 90.6 MPH)
Bottom of the 7th over - 0 runs, 1 hit, 0 errors, 1 left on base; Lakewood 1 - Dayton 0
TOP OF THE 8TH
Lakewood BlueClaws batting - Pitching for Dayton Dragons : LHP Ed Chavez
Batting: RHB William-Floyd Goof 0-0: Ball
1-0: Fly out, F9 (Flyball, 9, EV 86.9 MPH)
Batting: SHB Mike Rueth 0-0: Ground out 1-3 (Groundball, 25, EV 65.6 MPH)
Batting: RHB Steve Jones 0-0: Called Strike
0-1: Called Strike
0-2: Strikes out looking
Top of the 8th over - 0 runs, 0 hits, 0 errors, 0 left on base; Lakewood 1 - Dayton 0
BOTTOM OF THE 8TH
Dayton Dragons batting - Pitching for Lakewood BlueClaws : LHP Brian Wildrick
Batting: RHB Pat Grover 0-0: Ball
1-0: Called Strike
1-1: Called Strike
1-2: Ball
2-2: Strikes out looking
Pitching: RHP Derek Ziolkowski
Pinch Hitting: LHB Matt Kennedy 0-0: Foul Ball, location: 2F
0-1: Called Strike
0-2: Foul Ball, location: 2F
0-2: Ground out 4-3 (Groundball, 13, EV 88.1 MPH)
Pinch Hitting: LHB Andrew Hamm 0-0: SINGLE (Groundball, 4MD, EV 95.6 MPH)
Batting: RHB Bruno André 0-0: Foul Ball, location: 2F
0-1: Swinging Strike
0-2: Ball
1-2: Foul Ball, location: 2F
1-2: Ball
2-2: SINGLE (Groundball, 56D, EV 94.4 MPH)
Andrew Hamm to second
Pitching: RHP Roberto Ruiz
Batting: LHB Chris Grunwald 0-0: 3-RUN HOME RUN (Flyball, 7D, EV 95.0 MPH), Distance : 368 ft
Batting: LHB Leo Gomez 0-0: Ball
1-0: Called Strike
1-1: Ball
2-1: SINGLE (Flyball, 56D, EV 93.8 MPH)
Batting: SHB Kristian Kristensen 0-0: Ball
1-0: Ball
2-0: Ball
3-0: Called Strike
3-1: Called Strike
Leo Gomez steals 2nd base
3-2: SINGLE (Groundball, 34D, EV 94.4 MPH)
Leo Gomez to third
Runner from 3rd tries for Home, throw by RF and OUT! 9-2
Bottom of the 8th over - 3 runs, 5 hits, 0 errors, 1 left on base; Lakewood 1 - Dayton 3
TOP OF THE 9TH
Lakewood BlueClaws batting - Pitching for Dayton Dragons : LHP Ed Chavez
Pitching: RHP Justin Ambrose
Now at 1B: Ben Hinman
Now at 2B: John Galluzzo
Batting: RHB Alberto Ramirez 0-0: Ground out 4-3 (Groundball, 4, EV 83.8 MPH)
Batting: SHB Bob Dixon 0-0: Called Strike
0-1: Ball
1-1: Called Strike
1-2: DOUBLE (Flyball, 8LXD, EV 100.0 MPH)
Batting: RHB Danny Krug 0-0: Called Strike
0-1: Ball
1-1: Ball
2-1: 2-RUN HOME RUN (Flyball, 7LD, EV 90.0 MPH), Distance : 325 ft
Batting: RHB Kyle Morse 0-0: Called Strike
0-1: Ball
1-1: Called Strike
1-2: SINGLE (Groundball, 6MS, EV 81.3 MPH) (infield hit)
Batting: LHB Jose Carlos 0-0: Ball
1-0: Foul Ball, location: 2F
1-1: Fly out, F8 (Line Drive, 8LD, EV 86.3 MPH)
Pinch Hitting: SHB Chris Perteet 0-0: Ball
Kyle Morse steals 2nd base
1-0: Intentional Walk
Batting: RHB William-Floyd Goof 0-0: Called Strike
0-1: Called Strike
0-2: Ball
1-2: DOUBLE (Groundball, 5L, EV 98.8 MPH)
Kyle Morse scores
Chris Perteet to third
Runner from 3rd tries for Home, SAFE, throw by LF to home
Pitching: RHP Doug Elliott
Batting: SHB Mike Rueth 0-0: Called Strike
0-1: Ball
1-1: Foul Ball, location: 2F
1-2: Foul Ball, location: 2F
1-2: Foul Ball, location: 2F
1-2: Fly out, F5 (Popup, 5SF, EV 83.1 MPH)
Top of the 9th over - 4 runs, 4 hits, 0 errors, 1 left on base; Lakewood 5 - Dayton 3
BOTTOM OF THE 9TH
Dayton Dragons batting - Pitching for Lakewood BlueClaws : RHP Roberto Ruiz
Pitching: RHP Chris Lee
Now at 2B: Pablo Lopez
Batting: LHB Nick Nino 0-0: Ball
1-0: Called Strike
1-1: Ball
2-1: SINGLE (Groundball, 4, EV 101.9 MPH) (infield hit)
Pitching: RHP Omar Pineda
Batting: RHB Jonathan Davis 0-0: Ball
1-0: Ball
2-0: Called Strike
2-1: Foul Ball, location: 2F
2-2: Grounds into double play, 4-6-3 (Groundball, 4, EV 90.0 MPH)
Batting: RHB Pat Grover 0-0: Foul Ball, location: 2F
0-1: Called Strike
0-2: Ball
1-2: Fly out, F8 (Flyball, 8LM, EV 85.6 MPH)
Bottom of the 9th over - 0 runs, 1 hit, 0 errors, 0 left on base; Lakewood 5 - Dayton 3
Thursday, March 31st , 2022 - OOTP Baseball 22.12 Build 89